 Dungeon Crawl Stone Soup version 0.30-a0-845-g7c6808c8ce (webtiles) character file.

Game seed: 15557322282929377302

6026 Oxelix the Basher (level 10, -1/100 HPs)
             Began as a Minotaur Berserker on Mar 3, 2023.
             Was an Initiate of Jiyva.
             Slain by a meliai
             ... wielding a +2 hand axe of electrocution
              (6 damage)
             ... on level 8 of the Dungeon.
             The game lasted 00:10:35 (7754 turns).

Oxelix the Basher (Minotaur Berserker)              Turns: 7754, Time: 00:10:36

Health: -1/100     AC: 12    Str: 26    XL:     10   Next: 56%
Magic:  0/9        EV: 14    Int:  4    God:    Jiyva [......]
Gold:   448        SH:  0    Dex: 10    Spells: 9/9 levels left

rFire   . . .      SeeInvis .    E - +3 mace (holy)
rCold   . . .      Faith    .    (no shield)
rNeg    . . .      Spirit   +    A - +0 chain mail
rPois   .          Reflect  .    (helmet restricted)
rElec   .          Rampage  .    (no cloak)
rCorr   .                        I - +0 pair of gloves
Will    +....                    k - +0 pair of boots Stlth
                                 r - amulet of guardian spirit
HPRegen 0.36/turn                z - ring of willpower
MPRegen 0.11/turn                F - +5 ring of evasion

@: lethally poisoned (-1 -> -11)
A: horns 2, retaliatory headbutt
a: Renounce Religion


You were on level 8 of the Dungeon.
You worshipped Jiyva.
Jiyva was noncommittal.
You visited 2 branches of the dungeon, and saw 9 of its levels.
You also visited: Ossuary.

You collected 448 gold pieces.

Inventory:

Hand Weapons
 m - a +0 hammer
 v - a +0 flail
 E - a +3 mace of holy wrath (weapon)
Missiles
 e - a throwing net (quivered)
 q - 42 poisoned darts
 s - 3 javelins
 t - 7 boomerangs
 D - 3 silver javelins
Armour
 k - a +0 pair of boots (worn)
 A - a +0 chain mail (worn)
 I - a +0 pair of gloves (worn)
Jewellery
 i - an amulet of magic regeneration
 n - a ring of resist corrosion
 r - an amulet of guardian spirit (around neck)
 z - a ring of willpower (left hand)
 F - a +5 ring of evasion (right hand)
 K - a ring of ice
Wands
 l - a wand of flame (29)
 H - a wand of light (12)
 M - a wand of charming (7)
Scrolls
 a - a scroll of silence {unknown}
 b - 3 scrolls of enchant armour
 d - a scroll of immolation {unknown}
 f - 3 scrolls of enchant weapon
 j - 2 scrolls of fear
 u - 3 scrolls of vulnerability
 x - 3 scrolls of poison
 y - a scroll of torment
 C - 2 scrolls of summoning {unknown}
 G - 2 scrolls of teleportation
 J - a scroll of noise {unknown}
 L - a scroll of acquirement {unknown}
Potions
 c - 7 potions of heal wounds
 g - a potion of magic {unknown}
 h - 7 potions of curing
 o - 3 potions of resistance
 p - a potion of brilliance {unknown}
 w - 2 potions of invisibility
 B - 2 potions of flight
 N - 2 potions of lignification
 O - 2 potions of attraction {unknown}


   Skills:
 + Level 12.7 Fighting
 - Level 14.0 Maces & Flails
 + Level 5.7 Armour
 - Level 2.1 Dodging


You had 9 spell levels left.
You didn't know any spells.
Your spell library was empty.

Dungeon Overview and Level Annotations

Branches:
Dungeon (8/15)             Temple (1/1) D:6         Ossuary (visited)
   Lair: D:8-11

Altars:
Cheibriados
Dithmenos
Elyvilon
Fedhas
Gozag
Hepliaklqana
Kikubaaqudgha
Makhleb
Okawaru
Qazlal
Ru
Trog
Uskayaw
Vehumet
Wu Jian
Xom
Yredelemnul
Zin
The Shining One
Jiyva

Annotations:
D:8 1 transporter
Temple 4 transporters


Innate Abilities, Weirdness & Mutations

You have a pair of horns on your head.
You reflexively headbutt those who attack you in melee.


Message History

The meliai stings you but does no damage.
The meliai calls down the wrath of its god upon you.
Something smites you!
The meliai calls upon its god to heal the meliai.
The meliai's wounds heal themselves!
The meliai hits you with a +0 hand axe! The meliai stings you.
The meliai hits you with a +2 hand axe of electrocution!
The meliai barely misses you.
You hear a distant slurping noise.
The meliai attacks as you move away! The meliai hits you with a +0 hand axe.
The meliai misses you.
The meliai calls down the wrath of its god upon you.
Something smites you!
There is an open door here.
The meliai attacks as you move away!
The meliai hits you with a +2 hand axe of electrocution!
You are electrocuted!
The meliai stings you. The meliai closely misses you. You furiously retaliate!
You headbutt the meliai. The meliai stings you!
* * * LOW HITPOINT WARNING * * *
You barely miss the meliai.
The meliai is moderately wounded.
The meliai closely misses you. The meliai misses you.
The meliai invokes the aid of its god against you.
Something smites you!
* * * LOW HITPOINT WARNING * * *
The meliai closely misses you. The meliai misses you.
You hit the meliai.
The meliai is heavily wounded.
You miss the meliai. You headbutt the meliai.
The meliai is lightly wounded.
The meliai closely misses you.
The meliai stings you but does no damage.
The meliai hits you with a +0 hand axe!
* * * LOW HITPOINT WARNING * * *
The meliai barely misses you. The meliai misses you. The meliai stings you.
* * * LOW HITPOINT WARNING * * *
You are lethally poisoned!
The meliai poisons you!
The meliai hits you with a +2 hand axe of electrocution!
You die...

#...... ######## #....
#...... #......# #####
#...... #......# # #......
#..~...# # #......
#..~...# # #......
#......######### #
#.....)####....J.##......#
#
#........##y.....##.####.#
####+#....y@.....##.# #.#
#.####......##.####'### #.
######.##......... #.
#.......>..## #.
#####...##### #. #..##...#
#. #..#..... ##..'.....
#####...'.....


You could see 2 meliai and a neutral jelly (wandering) (fellow slime).

Vanquished Creatures
  The ghost of Pascal76 the Trooper, a novice MiFi of Sif Muna (D:8)
  2 hornets (D:7)
  3 slime creatures (D:8)
  2 wyverns (D:8)
  Eustachio (D:4)
  2 water moccasins (D:7)
  2 black bears (D:6)
  A sky beast (D:7)
  2 ice beasts
  4 centaurs
  2 phantoms (D:6)
  2 kobold brigands (D:7)
  7 bullfrogs
  6 scorpions
  4 howler monkeys
  2 human zombies (Ossuary)
  5 jellies
  An orc priest (D:7)
  Crazy Yiuf (D:2)
  3 hounds
  A gnoll bouda (D:7)
  2 sleepcaps
  5 orc wizards
  3 hound zombies (Ossuary)
  4 mummies (Ossuary)
  8 gnolls
  10 adders
  4 white imps
  2 ufetubi (D:5)
  2 worms (D:3)
  4 dart slugs
  6 orcs
  5 bats
  5 endoplasms
  2 giant cockroaches (D:1)
  7 goblins
  4 hobgoblins
  9 jackals
  15 kobolds
  4 quokkas
  5 ball pythons
  3 frilled lizards (D:2)
  A gnoll zombie (Ossuary)
  A goblin zombie (Ossuary)
  A hobgoblin zombie (Ossuary)
  A kobold zombie (Ossuary)
  An orc zombie (Ossuary)
  5 rats
  3 rat zombies
176 creatures vanquished.

Vanquished Creatures (collateral kills)
  A cyclops (D:7)
  A gargoyle (D:7)
  An unseen horror (D:7)
  A jelly (D:7)
4 creatures vanquished.

Vanquished Creatures (others)
  2 fungi (D:2)
2 creatures vanquished.

Grand Total: 182 creatures vanquished

Notes
Turn   | Place    | Note
-------+----------+-------------------------------------------
     0 | D:1      | Oxelix the Minotaur Berserker began the quest for the Orb.
     0 | D:1      | Reached XP level 1. HP: 19/19 MP: 0/0
    42 | D:1      | Found a faded altar of an unknown god.
    61 | D:1      | Reached skill level 4 in Maces & Flails
   137 | D:1      | Reached XP level 2. HP: 27/27 MP: 1/1
   447 | D:1      | Reached XP level 3. HP: 29/33 MP: 2/2
   448 | D:1      | Reached ** piety under Trog
   735 | D:2      | Reached skill level 5 in Maces & Flails
  1046 | D:2      | Reached XP level 4. HP: 36/41 MP: 3/3
  1358 | D:2      | Found a runed translucent door.
  1359 | D:2      | Noticed Crazy Yiuf
  1368 | D:2      | Killed Crazy Yiuf
  1956 | D:3      | Reached skill level 6 in Maces & Flails
  2125 | D:4      | Reached XP level 5. HP: 29/47 MP: 2/4
  2234 | D:4      | Reached skill level 5 in Fighting
  2393 | D:4      | Reached *** piety under Trog
  2489 | D:4      | Noticed Eustachio
  2557 | D:4      | Killed Eustachio
  2558 | D:4      | Reached skill level 7 in Maces & Flails
  2558 | D:4      | Reached XP level 6. HP: 27/57 MP: 3/5
  2856 | D:4      | You fall into a shaft and drop 1 floor!
  2856 | D:5      | Entered Level 5 of the Dungeon
  3099 | D:5      | Reached skill level 8 in Maces & Flails
  3160 | D:5      | Reached XP level 7. HP: 63/63 MP: 6/6
  3466 | D:5      | Reached skill level 9 in Maces & Flails
  4010 | D:6      | Found a staircase to the Ecumenical Temple.
  4030 | Temple   | Entered the Ecumenical Temple
  4030 | Temple   | Found a transporter.
  4030 | Temple   | Found a transporter.
  4032 | Temple   | Found a transporter.
  4032 | Temple   | Found a transporter.
  4104 | D:6      | Reached XP level 8. HP: 71/73 MP: 4/7
  4140 | D:6      | Reached skill level 10 in Maces & Flails
  4458 | D:6      | Reached **** piety under Trog
  4560 | D:6      | Reached skill level 11 in Maces & Flails
  5393 | D:7      | Reached skill level 12 in Maces & Flails
  5393 | D:7      | Reached XP level 9. HP: 76/82 MP: 8/8
  5447 | D:7      | Found a blossoming altar of Fedhas.
  6321 | D:7      | Paralysed by a hornet for 3 turns
  6327 | D:7      | Reached skill level 13 in Maces & Flails
  6597 | D:7      | Noticed a cyclops
  6598 | D:7      | Noticed a gargoyle
  6606 | D:7      | Reached skill level 10 in Fighting
  6614 | D:7      | Killed a gargoyle
  6618 | D:7      | Killed an unseen horror
  6619 | D:7      | Reached skill level 14 in Maces & Flails
  6624 | D:7      | Killed a cyclops
  6625 | D:7      | Reached XP level 10. HP: 34/96 MP: 3/9
  6999 | D:8      | Found a sand-covered staircase.
  7010 | Ossuary  | Entered an ossuary
  7226 | D:8      | Identified the +5 ring mail of the Nexus {rF+}
  7306 | D:8      | Found a transporter.
  7362 | D:8      | Found a basalt altar of Yredelemnul.
  7371 | D:8      | Found a snail-covered altar of Cheibriados.
  7439 | D:8      | Found a runed translucent gate.
  7439 | D:8      | Found a runed translucent gate.
  7439 | D:8      | Found a runed translucent gate.
  7440 | D:8      | Found a viscous altar of Jiyva.
  7440 | D:8      | Noticed Pascal76's ghost (novice MiFi)
  7456 | D:8      | Killed Pascal76's ghost
  7464 | D:8      | Reached skill level 5 in Armour
  7702 | D:8      | Fell from the grace of Trog
  7702 | D:8      | Became a worshipper of Jiyva Jeluidos the Shapeless
  7754 | D:8      | HP: 5/100 [meliai/+0 hand axe (6)]
  7754 | D:8      | Slain by a meliai

Illustrated notes

Levels and vault maps discovered:
D:1:      dpeg_arrival_stone_temple_mockup, layout_rooms, basic_ecumenical_altar
D:2:      layout_basic, uniq_crazy_yiuf_cottage
D:3:      layout_basic
D:4:      layout_cave_pools, uniq_eustachio
D:5:      layout_gridville
D:6:      layout_loops_ring, temple_pool_b, nicolae_benzene_ring
D:7:      minmay_chambers_of_sevens, layout_loops_corners, kennysheep_mini
D:8:      gammafunk_cloud_chamber, layout_basic,
          mainiacjoe_overflow_surrounded_room, mainiacjoe_overflow_swirl,
          enter_ossuary_3, gammafunk_ghost_ooze
Temple:   hellmonk_temple_divided_pantheon

Skill      XL: |  1  2  3  4  5  6  7  8  9 10 |
---------------+-------------------------------+-----
Maces & Flails | 4 5 6 7 8 9 12 14 | 14.0
Fighting       | 4 5 6 7 8 11 12 | 12.7
Armour         | 5 |  5.7
Dodging        | |  2.1

Action                     |  1- 3 |  4- 6 |  7- 9 | 10-12 || total
---------------------------+-------+-------+-------+-------++-------
  Melee: Mace              |    84 |    89 |   129 |    85 ||   387
         Headbutt          |     9 |    13 |    40 |    21 ||    83
         Punch             |       |     2 |     2 |     2 ||     6
         Flail             |       |    18 |    73 |       ||    91
 Invoke: Berserk           |       |     3 |     1 |     2 ||     6
         Trog's Hand       |       |     1 |       |       ||     1
         Brothers in Arms  |       |       |     1 |       ||     1
    Use: Scroll            |       |       |     7 |     7 ||    14
   Stab: Distracted        |       |       |     1 |       ||     1
 Armour: Animal skin       |    10 |       |       |       ||    10
         Leather armour    |    11 |       |       |       ||    11
         Ring mail         |     5 |    61 |     1 |       ||    67
         Chain mail        |       |       |    99 |    31 ||   130
  Dodge: Dodged            |    53 |    95 |   114 |    77 ||   339

Table legend: (Time is in decaauts)
 A = Elapsed time spent in this place.
 B = Non-inter-level travel time spent in this place.
 C = Inter-level travel time spent in this place.
 D = Time resting spent in this place.
 E = Time spent auto-exploring this place.
 F = Levels seen in this place.
 G = Mean time per level.
                   A        B        C        D        E       F      G
               +--------+--------+--------+--------+--------+-----+--------+
         Total |   7774 |   7529 |    245 |   1090 |   4966 |  10 |  777.4 |
       Dungeon |   7563 |   7318 |    245 |   1078 |   4895 |   8 |  945.4 |
        Temple |     25 |     25 |      0 |      0 |      6 |   1 |   25.0 |
       Ossuary |    185 |    185 |      0 |     11 |     65 |   1 |  185.0 |
               +--------+--------+--------+--------+--------+-----+--------+

Top non-repeatable levels by time:
     D:7: 1758 daAuts
     D:6: 1156 daAuts
     D:2: 979 daAuts
     D:5: 928 daAuts
     D:4: 887 daAuts
     D:3: 692 daAuts
     D:8: 620 daAuts
     D:1: 540 daAuts
 Ossuary: 185 daAuts
  Temple: 25 daAuts
